[Event "*** Titled Tuesday Blitz"]
[Site "Chess.com"]
[Date "2021.04.06"]
[Round "10"]
[White "akanga001"]
[Black "paulrusan"]
[Result "0-1"]
[WhiteElo "2047"]
[BlackElo "2277"]
[TimeControl "180+1"]
[EndTime "11:56:14 PDT"]
[Termination "paulrusan won by checkmate"]

1. e4 c5 2. Nc3 e6 3. d4 cxd4 4. Qxd4 Nc6 5. Qd2 Nf6 6. b3 Bb4 7. f3 d5 8. exd5 Nxd5 9. Bb2 Nxc3 10. Bxc3 Qxd2+ 11. Bxd2 Bxd2+ 12. Kxd2 Bd7 13. Nh3 O-O-O 14. Kc3 f6 15. Bd3 e5 16. Nf2 Nd4 17. Ne4 Bc6 18.
Rad1 h6 19. a4 b6 20. Ba6+ Bb7 21. Bc4 f5 22. Ng3 g6 23. Rhe1 Rhe8 24. h4 h5 25. Nf1 f4 26. Nd2 Re7 27. Ne4 a6 28. Ng5 b5 29. axb5 axb5 30. Bd3 Rd6 31. Kb4 Rd5 32. Bxg6 Nc6+ 33. Kc3 b4+ 34. Kb2 Nd4 35. Bxh5 Rc5 36. Rd2 Rec7 37. Bg4+ Kb8 38. Rc1 Nb5 39. Rd8+ Ka7 40.
Ra1+ Kb6 41. Ne4 Rxc2+ 42. Kb1 Rc1+ 43. Kb2 R7c2# 0-1

[Event "*** Titled Tuesday Blitz"]
[Site "Chess.com"]
[Date "2021.04.06"]
[Round "10"]
[White "IANOV0007"]
[Black "tylityli"]
[Result "1-0"]
[WhiteElo "2465"]
[BlackElo "2334"]
[TimeControl "180+1"]
[EndTime "11:56:15 PDT"]
[Termination "IANOV0007 won on time"]

1. Nf3 Nf6 2. g3 d5 3. Bg2 Nc6 4. O-O e5 5. d3 Be7 6. c4 d4 7. b4 Bxb4 8. Nxe5 Nxe5 9. Qa4+ Bd7 10. Qxb4 Bc6 11. Qc5 Qd6 12. Qxd6 cxd6 13. Ba3 O-O-O 14. Nd2 Bxg2 15. Kxg2 d5 16. c5 Nc6 17. Nb3 Rhe8 18. Rfe1 Nd7 19. Rac1 Nf8 20. Bb2 Ne6 21. f4 f5 22. a3 g6 23. Rc2 Kd7 24. Rb1 Rb8 25. Bc1 h5 26. h4 Nc7 27. Bb2 Ne6 28. Kf3 Kc7 29. Nd2 Kd7 30. Bc1 Rec8 31. a4 b6 32. cxb6 Rxb6 33. Rxb6 axb6 34. Kf2 Ra8 35. Rb2 Kc7 36.
Ra2 Nc5 37. Nf3 Rxa4 38. Rc2 Kd6 39. Bd2 Ra1 40. Rb2 Ra6 41. Ng5 Na4 42. Rb5 Nc3 43.
Rb3 Na4 44. Nf7+ Ke6 45. Ng5+ Kd6 46. Nf3 Nc5 47. Rb2 Na4 48. Rc2 Nc5 49. Bc1 Ra4 50.
Bb2 b5 51. Bc1 1-0

[Event "*** Titled Tuesday Blitz"]
[Site "Chess.com"]
[Date "2021.04.06"]
[Round "10"]
[White "nrvisakh"]
[Black "blitzking1729"]
[Result "1-0"]
[WhiteElo "2773"]
[BlackElo "2628"]
[TimeControl "180+1"]
[EndTime "11:56:16 PDT"]
[Termination "nrvisakh won by checkmate"]

1. e4 c6 2. Nf3 d5 3. d3 Nf6 4. Nbd2 g6 5. g3 Bg7 6. Bg2 O-O 7. O-O Qc7 8. Re1 dxe4 9. dxe4 e5 10. Nc4 Rd8 11. Qe2 Bg4 12. Ncxe5 Qxe5 13. Nxe5 Bxe2 14. Rxe2 Rd1+ 15. Bf1 Na6 16. Nd3 Rd8 17. e5 Ng4 18.
h3 R8xd3 19. cxd3 Nxe5 20. Kg2 Nb4 21. Rd2 Re1 22. a3 Nd5 23. f4 Ne3+ 24. Kf2 Rxf1+ 25.
Kxe3 Nf3 26. Rg2 Ne1 27. Ke2 Rh1 28. Bd2 Bxb2 29. Rxe1 Rxh3 30. Rb1 Bxa3 31. Rxb7 Bc5 32. Bc3 f5 33. Kf3 Rh1 34. Re2 Kf8 35. Bg7+ Kg8 36.
Re8+ Bf8 37. Rxf8# 1-0

[Event "*** Titled Tuesday Blitz"]
[Site "Chess.com"]
[Date "2021.04.06"]
[Round "10"]
[White "Olkaa"]
[Black "DarZay"]
[Result "1-0"]
[WhiteElo "2621"]
[BlackElo "2226"]
[TimeControl "180+1"]
[EndTime "11:56:16 PDT"]
[Termination "Olkaa won by resignation"]

1. d4 d5 2. Nc3 Nf6 3. Bg5 Bf5 4. Bxf6 exf6 5. e3 Bb4 6. Bd3 Bxc3+ 7. bxc3 Be6 8. Rb1 b6 9. Ne2 O-O 10. Nf4 c5 11.
Qh5 g6 12. Qh6 f5 13. h4 c4 14. Be2 Qf6 15. Bf3 Nd7 16. Bxd5 Bxd5 17. Nxd5 Qg7 18. Qxg7+ Kxg7 19. Kd2 Rac8 20. f3 Rfe8 21. a4 Rc6 22. Rb5 f6 23. a5 a6 24. Rbb1 b5 25. Rhe1 g5 26. hxg5 fxg5 27. e4 fxe4 28. fxe4 Rce6 29. Nc7 R8e7 30. Nxe6+ Rxe6 31. e5 Kg6 32. Rf1 h5 33. Ke3 g4 34. Ke4 Kg5 35. Rf5+ Kh4 36. Rh1+ Kg3 37.
Rhxh5 Kxg2 38. Rhg5 g3 39. Rf3 Rh6 40. Rgxg3+ Kh2 41. Rg4 Nb8 42. d5 Nd7 43. Rf5 Nc5+ 44. Kd4 Na4 45.
e6 b4 46. cxb4 c3 47. e7 Rh8 48. Re4 Re8 49. Rf8 1-0

[Event "*** Titled Tuesday Blitz"]
[Site "Chess.com"]
[Date "2021.04.06"]
[Round "10"]
[White "zajka-molotok"]
[Black "Handszar"]
[Result "0-1"]
[WhiteElo "2500"]
[BlackElo "2372"]
[TimeControl "180+1"]
[EndTime "11:56:17 PDT"]
[Termination "Handszar won by checkmate"]

1. Nf3 Nf6 2. c4 g6 3. Nc3 d5 4. cxd5 Nxd5 5. g3 Bg7 6. Bg2 O-O 7. O-O Nb6 8. d4 c6 9. e4 Bg4 10. Ne2 Qd7 11. Bf4 Na6 12. Rc1 Rad8 13. Be3 Qe6 14. Nc3 Nc4 15. Qb3 Bxf3 16. Bxf3 Bxd4 17. Bxd4 Rxd4 18.
Qxb7 Nd2 19. Qxa6 Nxf3+ 20. Kg2 Ng5 21. Qe2 Qh3+ 22. Kg1 Rfd8 23. Rcd1 Rd2 24. Qe3 h6 25. Rxd2 Rxd2 26. b3 Rc2 27. Rd1 Kh7 28. Ne2 Qg4 29. Re1 Nf3+ 30. Kf1 Qh3# 0-1

[Event "*** Titled Tuesday Blitz"]
[Site "Chess.com"]
[Date "2021.04.06"]
[Round "10"]
[White "Sadykov_Ramil"]
[Black "biostatistician"]
[Result "0-1"]
[WhiteElo "2495"]
[BlackElo "2618"]
[TimeControl "180+1"]
[EndTime "11:56:18 PDT"]
[Termination "biostatistician won on time"]

1. e4 e6 2. d4 d5 3. Nc3 Nc6 4. e5 f6 5. Bb5 Bd7 6. Nf3 Qe7 7. O-O O-O-O 8. Re1 Qf7 9. Rb1 Nge7 10.
b4 Ng6 11. Bxc6 Bxc6 12. b5 Bd7 13. a4 fxe5 14. dxe5 Bc5 15. Be3 Bxe3 16. Rxe3 Kb8 17. a5 Rhf8 18. b6 cxb6 19. axb6 a6 20. Ne2 Rc8 21.
Ned4 Nf4 22. g3 Nh3+ 23. Kg2 Ng5 24. Qe2 Ne4 25. Rxe4 dxe4 26. Qxe4 Bc6 27. Nxc6+ Rxc6 28. Rb3 Qf5 29. Qxf5 exf5 30. Nd4 Rc4 31. Rd3 g6 32. c3 Kc8 33. f4 Rd8 34. Kf3 Rc6 35. h3 Rxb6 36.
g4 fxg4+ 37. hxg4 a5 38. f5 gxf5 39. gxf5 a4 40. Rd2 Rc6 41. Nxc6 Rxd2 42. f6 Rd1 43. Nb4 a3 44. Ke4 Kd7 45. f7 Rf1 46. Kd5 Ke7 47. e6 Rf5+ 48. Ke4 Rf1 0-1

[Event "*** Titled Tuesday Blitz"]
[Site "Chess.com"]
[Date "2021.04.06"]
[Round "10"]
[White "Gusarov91"]
[Black "anon481216"]
[Result "0-1"]
[WhiteElo "2622"]
[BlackElo "2532"]
[TimeControl "180+1"]
[EndTime "11:56:19 PDT"]
[Termination "anon481216 won by resignation"]

1. d4 d5 2. Nf3 Nf6 3. c4 dxc4 4. e3 e6 5. Bxc4 a6 6. a4 c5 7. O-O Nc6 8. Nc3 cxd4 9. exd4 Be7 10. h3 Nb4 11. Re1 O-O 12. Bg5 Bd7 13. Ne5 Bc6 14. Nxc6 bxc6 15. Qd2 a5 16. Rad1 Rb8 17.
Bf4 Rb7 18. Be5 Nfd5 19. Ne4 Qb6 20. Bd6 Bxd6 21. Nxd6 Rbb8 22. Ne4 Rfd8 23. Nc5 Qc7 24. Re4 Qe7 25. Qe2 Qf6 26. Re5 Nf4 27. Qe4 Nbd5 28. Rd2 Ng6 29. Rh5 Ndf4 30. Re5 Nxe5 31. dxe5 Qg5 32. Rxd8+ Rxd8 33. g3 Nxh3+ 34. Kg2 Qh6 35. Nd3 Ng5 36. Qxc6 Qh3+ 37. Kg1 h5 38. Qg2 Qg4 39.
b3 Nf3+ 40. Kh1 h4 41. Qf1 hxg3 42. fxg3 Qxg3 43. Qf2 Qh3+ 0-1

[Event "*** Titled Tuesday Blitz"]
[Site "Chess.com"]
[Date "2021.04.06"]
[Round "10"]
[White "Grieve72"]
[Black "Kildepiotr"]
[Result "1-0"]
[WhiteElo "2515"]
[BlackElo "2638"]
[TimeControl "180+1"]
[EndTime "11:56:19 PDT"]
[Termination "Grieve72 won by resignation"]

1. d4 c5 2. e4 cxd4 3. Nf3 d6 4.
Nxd4 Nf6 5. Nc3 a6 6. f3 e5 7. Nb3 Be6 8. Be3 Nbd7 9. g4 Be7 10. Qd2 b5 11. g5 Nh5 12. Rg1 Nb6 13. Nd5 Nxd5 14.
exd5 Bf5 15. Na5 Qc7 16. Nc6 Bd7 17. Bd3 Rc8 18. Be4 Bxc6 19. dxc6 O-O 20. O-O-O g6 21. h4 Ng7 22. f4 exf4 23. Bxf4 Ne6 24. Bxd6 Bxd6 25.
Qxd6 Qxd6 26. Rxd6 Rfd8 27. Rgd1 Rxd6 28. Rxd6 Kf8 29. Rd7 Rc7 30. Rxc7 Nxc7 31. Kd2 Ke7 32. c4 Kd6 33. cxb5 axb5 34. Kc3 Kc5 35. b4+ Kd6 36. Kb3 Ne6 37. a4 bxa4+ 38. Kxa4 Kc7 39. Ka5 Nd4 40. b5 Nb3+ 41. Kb4 Nd2 42. Bd5 Kb6 43. Kc3 Nf1 44. Kd4 Ng3 45. Ke5 Nf5 46. h5 Kxb5 47. c7 Ne7 48. Bxf7 gxh5 49. Be6 Kc6 50. c8=Q+ Nxc8 51. Bxc8 h4 52. Kf6 Kd6 53. Bf5 1-0

[Event "*** Titled Tuesday Blitz"]
[Site "Chess.com"]
[Date "2021.04.06"]
[Round "10"]
[White "GelmanAlexander"]
[Black "shnitez"]
[Result "0-1"]
[WhiteElo "2633"]
[BlackElo "2513"]
[TimeControl "180+1"]
[EndTime "11:56:19 PDT"]
[Termination "shnitez won by checkmate"]

1. d4 Nf6 2. Nc3 e6 3. e4 Bb4 4.
e5 Nd5 5. Qg4 g6 6. Bd2 f5 7.
exf6 Qxf6 8. Nf3 O-O 9. O-O-O Nxc3 10. bxc3 Ba3+ 11. Kb1 d5 12. Bg5 Qg7 13. Ne5 c5 14. h4 Qc7 15. Bc1 Bxc1 16. Rxc1 cxd4 17. cxd4 Nc6 18.
h5 Nxe5 19. dxe5 Qxe5 20. hxg6 Bd7 21. Rxh7 Rf4 22. Qxf4 Qxf4 23. Rxd7 Qb4+ 24. Ka1 Qc3+ 25. Kb1 Qb4+ 26. Ka1 Qd2 27. Kb1 Qxf2 28. Bd3 Qb6+ 29. Ka1 Qd4+ 30. Kb1 Qb6+ 31. Ka1 Qd4+ 32. Kb1 Rc8 33.
Rh1 Rc6 34. Rd8+ Kg7 35. Rd7+ Kf6 36. Rf1+ Kg5 37. g7 Rb6+ 38. Kc1 Qe3+ 39. Kd1 Rb1# 0-1

[Event "*** Titled Tuesday Blitz"]
[Site "Chess.com"]
[Date "2021.04.06"]
[Round "10"]
[White "NishaOnYoutube"]
[Black "JoliyRoger"]
[Result "0-1"]
[WhiteElo "2274"]
[BlackElo "2408"]
[TimeControl "180+1"]
[EndTime "11:56:19 PDT"]
[Termination "JoliyRoger won on time"]

1. e4 c6 2. d4 d5 3. e5 Bf5 4. h4 Qb6 5. c3 e6 6. Nd2 h6 7. Nb3 Nd7 8. Bd3 Bxd3 9. Qxd3 c5 10. Qd1 Ne7 11. Nf3 Nf5 12. g4 Ne7 13. h5 Nc6 14.
Kf1 Be7 15. Kg2 O-O-O 16. Qe2 Kb8 17. Be3 cxd4 18. Nbxd4 Nxd4 19. Bxd4 Bc5 20. b4 Bxd4 21. Nxd4 Rc8 22. Rac1 Rc4 23. Rh3 Rhc8 24. Rc2 Ka8 25. f4 Qxd4 26. cxd4 Rxc2 27. Re3 Rxe2+ 28. Rxe2 Rc4 29. f5 Rxd4 30. Rc2 Kb8 31. fxe6 fxe6 32. a3 Rxg4+ 33. Kf3 Nxe5+ 34. Ke3 Re4+ 35. Kf2 Rh4 36. Rc3 Rxh5 37. Rg3 Rf5+ 38. Ke2 Rg5 39. Re3 a6 40. Ke1 Kc7 41. Ke2 Kd6 42. Rc3 Nc4 43. Rf3 Re5+ 44.
Kd1 Rf5 45. Rg3 g5 46. Rh3 Rf6 47. a4 g4 48. Rg3 h5 49. Kc2 h4 50. Rg1 g3 51.
Kd3 Rf3+ 52. Ke2 Rf2+ 53. Ke1 Ra2 0-1

[Event "*** Titled Tuesday Blitz"]
[Site "Chess.com"]
[Date "2021.04.06"]
[Round "10"]
[White "cukin84"]
[Black "ellennilssen"]
[Result "1-0"]
[WhiteElo "2109"]
[BlackElo "2218"]
[TimeControl "180+1"]
[EndTime "11:56:20 PDT"]
[Termination "cukin84 won by checkmate"]

1. e4 e6 2. d4 d5 3. Nc3 Bb4 4. exd5 exd5 5. Bd3 Nc6 6. a3 Bxc3+ 7. bxc3 Nge7 8. Qh5 Be6 9. Nf3 Qd7 10. h3 O-O-O 11.
O-O g6 12. Qg5 h6 13. Qf6 g5 14.
a4 Rdg8 15. Bb5 Rg6 16. Qxh8+ Rg8 17. Bxc6 Qxc6 18. Qf6 Nf5 19. Bd2 Qd6 20. Qe5 Qe7 21. c4 Qd7 22. cxd5 Bxd5 23. Nh2 h5 24. c4 Bxc4 25.
Rfc1 Nd6 26. Bb4 Re8 27. Qxg5 Ne4 28. Qf4 Bd5 29. Nf3 c6 30. a5 f6 31. a6 b6 32.
Rab1 Rg8 33. Ba5 Nd6 34. Bxb6 Qxh3 35. g3 axb6 36. Rxb6 Kc7 37. Rbxc6+ Bxc6 38. d5 Rg4 39. Rxc6+ Kb8 40. Qxd6+ Ka7 41. Qc7+ Ka8 42. Qb7# 1-0

[Event "*** Titled Tuesday Blitz"]
[Site "Chess.com"]
[Date "2021.04.06"]
[Round "10"]
[White "Rish_97"]
[Black "swisspower96"]
[Result "0-1"]
[WhiteElo "2683"]
[BlackElo "2587"]
[TimeControl "180+1"]
[EndTime "11:56:21 PDT"]
[Termination "swisspower96 won on time"]

1. e4 c5 2. Nf3 Nc6 3. c3 Nf6 4.
e5 Nd5 5. d4 cxd4 6. cxd4 d6 7.
Bc4 Nb6 8. Bb5 dxe5 9. Nxe5 Bd7 10. Nxd7 Qxd7 11. O-O a6 12. Bxc6 Qxc6 13. Nc3 e6 14. Re1 Be7 15. Qg4 O-O-O 16. Bf4 h5 17. Qg3 h4 18.
Qh3 g5 19. Be5 Rhg8 20. Rac1 g4 21. Qd3 Nc4 22. Na4 b5 23. b3 h3 24. Re4 f5 25.
bxc4 bxa4 26. d5 fxe4 27. Qb1 Qb7 28. Qxe4 Bb4 29. Rb1 a5 30. a3 exd5 31. cxd5 Qxd5 32. Qc2+ Qc5 33. Qf5+ Rd7 34. axb4 axb4 35. Qe4 Qd5 36. Qc2+ Kd8 37. Qf5 Qd1+ 0-1

[Event "*** Titled Tuesday Blitz"]
[Site "Chess.com"]
[Date "2021.04.06"]
[Round "10"]
[White "kikydu96"]
[Black "m_ezat"]
[Result "0-1"]
[WhiteElo "2448"]
[BlackElo "2569"]
[TimeControl "180+1"]
[EndTime "11:56:21 PDT"]
[Termination "m_ezat won by checkmate"]

1. e4 c6 2. d4 d5 3. Nc3 b5 4.
exd5 b4 5. Ne4 cxd5 6. Ng3 Nf6 7. Nf3 a5 8. Bd3 Ba6 9. O-O e6 10. Ne5 Be7 11. f4 O-O 12. f5 Bd6 13. fxe6 fxe6 14. Bxa6 Nxa6 15. Kh1 Qc7 16. Qe2 Nc5 17. dxc5 Bxe5 18.
Rf3 Bxg3 19. hxg3 Ne4 20. Bf4 Qxc5 21. Raf1 Rf6 22. Be3 Qd6 23. Kg1 Nxg3 24. Qf2 Rxf3 25. Qxf3 Nxf1 26. Qxf1 Rf8 27. Qd3 Qg3 28. Qd4 Rf5 29.
Bf2 Qc7 30. Qe3 Qf7 31. Qd2 h6 32. Be3 Rf1+ 33. Kh2 Qh5+ 34. Kg3 Qe5+ 35. Kh3 Rh1+ 36. Kg4 Qf5+ 37. Kg3 h5 38. Bf4 h4+ 39. Kf3 Qe4+ 40. Kf2 h3 41. gxh3 e5 42. Bg3 Qf5+ 43. Kg2 Qf1# 0-1

[Event "*** Titled Tuesday Blitz"]
[Site "Chess.com"]
[Date "2021.04.06"]
[Round "10"]
[White "I_Enchev"]
[Black "DinaBelenkaya"]
[Result "1-0"]
[WhiteElo "2504"]
[BlackElo "2365"]
[TimeControl "180+1"]
[EndTime "11:56:21 PDT"]
[Termination "I_Enchev won on time"]

1. d4 d5 2. c4 dxc4 3. Nf3 Nf6 4. e3 Bg4 5. Bxc4 e6 6. Nc3 a6 7. h3 Bh5 8. g4 Bg6 9. Ne5 Nbd7 10. Nxg6 hxg6 11. g5 Nh5 12. e4 Bb4 13. Be3 e5 14. a3 Bxc3+ 15. bxc3 Nf4 16. Qg4 Rh4 17. Qg3 Qe7 18.
Kd2 Rh5 19. h4 O-O-O 20. Bxf4 exf4 21. Qxf4 f5 22. exf5 gxf5 23. Rhe1 Qf8 24. Be6 g6 25. Kc2 Kb8 26. Re3 Nb6 27. Bb3 Qh8 28. Rh1 Re8 29. c4 Rxe3 30. fxe3 Nc8 31. c5 Ne7 32. Kd3 Kc8 33.
Bd1 Nd5 34. Qf2 Rh7 35. h5 gxh5 36. Qxf5+ Rd7 37. Rxh5 Qg7 38. Bg4 c6 39. Rh7 Qe7 40. Rxe7 1-0

[Event "*** Titled Tuesday Blitz"]
[Site "Chess.com"]
[Date "2021.04.06"]
[Round "10"]
[White "pfalcon1949"]
[Black "ethylalcohol"]
[Result "0-1"]
[WhiteElo "1979"]
[BlackElo "2106"]
[TimeControl "180+1"]
[EndTime "11:56:21 PDT"]
[Termination "ethylalcohol won by resignation"]

1. c4 Nf6 2. Nc3 g6 3. g3 Bg7 4.
Bg2 d6 5. e4 c6 6. Nge2 Nbd7 7.
O-O e5 8. d3 O-O 9. h3 Qc7 10.
Be3 Nc5 11. Rc1 a5 12. Kh2 Bd7 13. Qd2 Ne8 14. f3 f5 15. exf5 gxf5 16. d4 Ne6 17. b3 f4 18. Bf2 fxg3+ 19. Bxg3 exd4 20. Ne4 c5 21. Nf4 Nxf4 22. Bxf4 Bc6 23. Ng5 Rxf4 24. Ne6 Qf7 25. Nxf4 Be5 26. Kg3 Nf6 27. Kf2 Nh5 28. Nxh5 Qxh5 29. f4 Bxf4 30. Qd3 Be3+ 31. Ke1 Bxg2 32.
Rf5 Qh4+ 33. Kd1 Be4 34. Qf1 Bxf5 35. Qxf5 Bxc1 36. Qe6+ Kh8 37. Qxd6 Bh6 38. Qe5+ Bg7 39. Qxc5 Re8 0-1

[Event "*** Titled Tuesday Blitz"]
[Site "Chess.com"]
[Date "2021.04.06"]
[Round "10"]
[White "dmjjmd"]
[Black "Chessmasterzt"]
[Result "0-1"]
[WhiteElo "2286"]
[BlackElo "2607"]
[TimeControl "180+1"]
[EndTime "11:56:22 PDT"]
[Termination "Chessmasterzt won by checkmate"]

1. e4 d6 2. d4 Nf6 3. Nc3 e5 4. Nf3 Nbd7 5. Be2 Be7 6. O-O O-O 7. Re1 c6 8. a4 Re8 9. Bf1 Bf8 10. h3 exd4 11. Nxd4 Ne5 12. f4 Ng6 13. Qf3 a5 14. Qf2 Nd7 15. g3 Nc5 16. Bg2 Qb6 17. Ra3 Qc7 18.
Ra1 Bd7 19. h4 Ne7 20. h5 h6 21. Bf3 f5 22. e5 dxe5 23. Rxe5 Kh8 24. b3 Ng8 25.
Rxe8 Rxe8 26. Bb2 Nf6 27. Nd1 Nce4 28. Qg2 Bc5 29. Nf2 Nd2 30. Nd3 Nxf3+ 31. Qxf3 Ba7 32. Kg2 c5 33. Nb5 Qb6 34. Ne5 Rxe5 35. fxe5 Bc6 36.
exf6 Bxf3+ 37. Kxf3 Qc6+ 38. Kf2 c4+ 39. Kf1 Qf3+ 40.
Ke1 Bf2+ 41. Kd2 Qe3+ 42. Kd1 Qe1# 0-1

[Event "*** Titled Tuesday Blitz"]
[Site "Chess.com"]
[Date "2021.04.06"]
[Round "10"]
[White "Alex-11211"]
[Black "Balla_Tamas"]
[Result "0-1"]
[WhiteElo "2422"]
[BlackElo "2561"]
[TimeControl "180+1"]
[EndTime "11:56:22 PDT"]
[Termination "Balla_Tamas won by resignation"]

1. e4 c5 2. Nf3 e6 3. Nc3 a6 4.
d4 cxd4 5. Nxd4 Qc7 6. g3 Bb4 7.
Bd2 Nc6 8. Nb3 Nf6 9. Bg2 Be7 10. O-O d6 11. f4 b5 12. e5 dxe5 13. fxe5 Nd7 14. Qg4 g6 15. Qf4 O-O 16. Rae1 Bb7 17. Ne4 Qxe5 18. Nf6+ Qxf6 19. Qc7 Qxb2 20. Qxd7 Rad8 21.
Qxb7 Rxd2 22. Nxd2 Qd4+ 23. Kh1 Qxd2 24. Qxc6 Qb4 25.
Qe4 Qc5 26. Qe5 Qxc2 27. Re2 Qd3 28. Ref2 Qd7 29. Qe2 Bc5 30. Rf3 Bd4 31. Rd3 e5 32. Qf3 Qe6 33. Qd5 Qe7 34. Rdf3 Kg7 35. Re1 Rd8 36. Qb3 f5 37. Rd3 Qc5 38. Red1 Re8 39.
Bf3 Re7 40. Bg2 h5 41. Qb1 Qd6 42. Qc1 Rc7 43. Qg5 Qf6 44. Qxf6+ Kxf6 45. h4 Rc2 46. R1d2 Rc1+ 47. Kh2 Re1 48. Rxd4 exd4 49. Rxd4 Re2 50. Rd6+ Re6 51. Rxa6 Rxa6 0-1

[Event "*** Titled Tuesday Blitz"]
[Site "Chess.com"]
[Date "2021.04.06"]
[Round "10"]
[White "lacafi"]
[Black "MaxLeto"]
[Result "0-1"]
[WhiteElo "2200"]
[BlackElo "2336"]
[TimeControl "180+1"]
[EndTime "11:56:22 PDT"]
[Termination "MaxLeto won on time"]

1. d4 d5 2. Nf3 c6 3. e3 Nf6 4. Nbd2 Bg4 5. Be2 e6 6. b3 Nbd7 7. Bb2 Bd6 8. O-O O-O 9. c4 Qe7 10. Ne5 Bxe2 11. Qxe2 a5 12. a3 a4 13. b4 dxc4 14.
Ndxc4 Bc7 15. Nxd7 Nxd7 16. Rac1 Qh4 17. g3 Qh3 18. e4 Rae8 19. f3 f5 20. e5 f4 21. g4 Rd8 22. Qc2 h5 23. Qg2 hxg4 24.
fxg4 Qh7 25. Rf3 g5 26. Rh3 Qg6 27. Rf1 Nb6 28. Nxb6 Bxb6 29. Rh5 Bxd4+ 30. Bxd4 Rxd4 31. Qh3 Kg7 32. Qc3 Rfd8 33. Kh1 Rd2 34. Qc4 R8d4 0-1

[Event "*** Titled Tuesday Blitz"]
[Site "Chess.com"]
[Date "2021.04.06"]
[Round "10"]
[White "Diaschess88"]
[Black "Yurovskykh_Oleksandr"]
[Result "1-0"]
[WhiteElo "2428"]
[BlackElo "2516"]
[TimeControl "180+1"]
[EndTime "11:56:23 PDT"]
[Termination "Diaschess88 won by checkmate"]

1. d4 d5 2. c4 dxc4 3. Nf3 Nf6 4. e3 e6 5. Bxc4 a6 6. O-O b5 7. Bd3 Bb7 8. Qe2 c5 9. a4 b4 10. dxc5 Bxc5 11. e4 Nc6 12. Nbd2 O-O 13. Nb3 Bb6 14. Be3 Bxe3 15. Qxe3 Qe7 16. Rfc1 Nd7 17. e5 Rfd8 18. Be4 Rac8 19. h4 h6 20. h5 a5 21. Re1 Rc7 22.
Bb1 Rdc8 23. Qe4 Nf8 24. Qf4 Qe8 25. Bd3 Ne7 26. Bb5 Bc6 27. Nbd4 Bxb5 28. Nxb5 Rc4 29.
Qe3 Nf5 30. Qa7 Qd7 31. Qxa5 Qc6 32. Na7 Qc7 33. Qxc7 R8xc7 34. Nb5 R4c5 35. Nxc7 Rxc7 36. Rec1 Rd7 37. Rc8 Rd5 38. a5 Nd4 39. Nxd4 Rxd4 40. a6 Rd5 41. a7 g6 42. a8=Q Kg7 43. Rxf8 gxh5 44. Rg8+ Kh7 45. Qf8 Rxe5 46. Qg7# 1-0

[Event "*** Titled Tuesday Blitz"]
[Site "Chess.com"]
[Date "2021.04.06"]
[Round "10"]
[White "kuba2006"]
[Black "MalyDominator"]
[Result "0-1"]
[WhiteElo "2337"]
[BlackElo "2482"]
[TimeControl "180+1"]
[EndTime "11:56:24 PDT"]
[Termination "MalyDominator won by resignation"]

1. b3 Nf6 2. Bb2 e6 3. e3 d5 4.
Nf3 Be7 5. Be2 O-O 6. O-O c5 7.
d4 b6 8. Nbd2 Bb7 9. c4 Nbd7 10.
Ne5 Nxe5 11. dxe5 Ne4 12. Nxe4 dxe4 13. Qc2 Qc7 14. Rad1 Rfd8 15. Rxd8+ Rxd8 16. Rd1 Rd7 17. Rxd7 Qxd7 18. Qd1 Qxd1+ 19. Bxd1 f5 20. f4 exf3 21. gxf3 g5 22. h3 Kf7 23. f4 Kg6 24. Bc1 Be4 25.
Kh2 h5 26. Kg3 g4 27. h4 Kf7 28. a4 Ke8 29. Bd2 Kd7 30. Bc3 Kc6 31. Bd2 Bd3 32.
Bc3 a6 33. Bd2 b5 34. cxb5+ axb5 35. axb5+ Kxb5 36. Bc3 Bd8 37. Bd2 Ba5 38. Bc1 Be1+ 39. Kg2 Bxh4 40. Ba3 Be1 41. Bb2 h4 42. Kh2 Bg3+ 43.
Kg2 Be4+ 44. Kg1 h3 0-1

[Event "*** Titled Tuesday Blitz"]
[Site "Chess.com"]
[Date "2021.04.06"]
[Round "10"]
[White "Sychev_Klementy"]
[Black "szabadaba"]
[Result "1-0"]
[WhiteElo "2887"]
[BlackElo "2694"]
[TimeControl "180+1"]
[EndTime "11:56:25 PDT"]
[Termination "Sychev_Klementy won on time"]

1. e4 c6 2. Nc3 d5 3. Qf3 dxe4 4. Nxe4 Nf6 5. Nxf6+ exf6 6. Bc4 Bd6 7. Ne2 O-O 8.
d4 Nd7 9. Bd3 Re8 10. Bd2 Nf8 11. O-O Be6 12. c4 Qc7 13. h4 Rad8 14. h5 h6 15.
Rfe1 c5 16. d5 Bc8 17. Bf4 Rxe2 18. Rxe2 Bxf4 19. Rae1 Be5 20. g3 Bd7 21. Bf5 Qc8 22. Bxd7 Qxd7 23. Kg2 Bd6 24. a3 Nh7 25. g4 Nf8 26.
Qf5 Qa4 27. Re4 Qc2 28. R1e2 Qd3 29. Re8 Qxf5 30. gxf5 Rd7 31. Kh3 Be5 32. Rc8 b6 33. b4 Bd6 34. bxc5 Bxc5 35. Ree8 g6 36. Kg4 Kg7 37.
Red8 Re7 38. Rxf8 Re4+ 39. Kf3 1-0

[Event "*** Titled Tuesday Blitz"]
[Site "Chess.com"]
[Date "2021.04.06"]
[Round "10"]
[White "VladimirBugayev"]
[Black "JQuiroga18"]
[Result "1-0"]
[WhiteElo "2259"]
[BlackElo "2391"]
[TimeControl "180+1"]
[EndTime "11:56:25 PDT"]
[Termination "VladimirBugayev won by checkmate"]

1. e4 c5 2. Nc3 Nc6 3. Bb5 Nd4 4. Nf3 a6 5. Bd3 e6 6. O-O b5 7. Nxd4 cxd4 8. Ne2 e5 9. a4 b4 10. c3 bxc3 11.
dxc3 dxc3 12. Nxc3 Nf6 13. f4 d6 14. b4 Qb6+ 15.
Kh1 Qxb4 16. Qc2 Be7 17. Ba3 Qd4 18. fxe5 dxe5 19. Bxe7 Kxe7 20. Rxf6 gxf6 21. Nd5+ Kf8 22. Rf1 Be6 23. Nxf6 Rc8 24. Qd2 h5 25. Qe2 Bg4 26.
Nxg4 hxg4 27. Bxa6 Rc6 28. Bb5 Rch6 29. h3 gxh3 30. g3 h2 31. Qf3 R8h7 32. Bc6 Ke7 33. Bd5 f6 34. Qf5 Qb6 35. Rc1 Rh5 36. Qc8 Qg1+ 37.
Rxg1 hxg1=Q+ 38. Kxg1 Rh1+ 39. Kg2 R7h2+ 40. Kf3 f5 41. Qe6+ Kd8 42. exf5 Rf1+ 43. Kg4 e4 44. Qd6+ Kc8 45. Bc6 e3 46. Qd7+ Kb8 47. Qb7# 1-0

[Event "*** Titled Tuesday Blitz"]
[Site "Chess.com"]
[Date "2021.04.06"]
[Round "10"]
[White "Volodar_Murzin"]
[Black "Two_Towers_Krakow"]
[Result "0-1"]
[WhiteElo "2717"]
[BlackElo "2536"]
[TimeControl "180+1"]
[EndTime "11:56:26 PDT"]
[Termination "Two_Towers_Krakow won on time"]

1. e4 c5 2. Nf3 d6 3. Bb5+ Bd7 4.
Bxd7+ Nxd7 5. O-O Ngf6 6. Qe2 e6 7. c3 Be7 8. d4 cxd4 9. cxd4 d5 10. e5 Ne4 11.
Rd1 O-O 12. Ne1 f6 13. f3 Ng5 14. exf6 Bxf6 15. Bxg5 Bxg5 16. Qxe6+ Kh8 17. Nc3 Nb6 18. Kh1 Rf6 19. Qg4 Rf4 20. Qe6 Qf8 21. Nd3 Rxf3 22.
Nxd5 Re8 23. Qg4 Rf5 24. Nxb6 axb6 25. Ne5 Bf4 26. Rf1 g6 27. Nd3 Be3 28. Rxf5 gxf5 29. Qf3 Qf6 30. d5 Qd4 31. Rd1 f4 32. h3 Rg8 33.
Nf2 Qxb2 34. Ne4 Qg7 35. d6 h6 0-1

[Event "*** Titled Tuesday Blitz"]
[Site "Chess.com"]
[Date "2021.04.06"]
[Round "10"]
[White "GMJustin"]
[Black "Schack-Hugo"]
[Result "0-1"]
[WhiteElo "2263"]
[BlackElo "2213"]
[TimeControl "180+1"]
[EndTime "11:56:28 PDT"]
[Termination "Schack-Hugo won on time"]

1. e4 c5 2. Nf3 d6 3. d4 cxd4 4.
Qxd4 Nf6 5. Bb5+ Bd7 6. Bxd7+ Nbxd7 7. c4 g6 8. O-O Bg7 9. Nc3 O-O 10. Qe3 Ng4 11. Qd2 Nge5 12. Nxe5 Nxe5 13. b3 Qa5 14. Bb2 b5 15. cxb5 Rac8 16. Rac1 Rc7 17. Rfd1 Rfc8 18.
Kh1 Ng4 19. f3 Bh6 20. f4 Bg7 21. g3 Bxc3 22. Bxc3 Rxc3 23. Rxc3 Qxc3 24. Qxc3 Rxc3 25. Rd2 Ne3 26. Kg1 Rc1+ 27. Kf2 Nd1+ 28. Kg2 Nc3 29. Kf3 Rf1+ 30. Kg2 Re1 31. a4 Rxe4 32. Kf3 Re1 33.
Rd3 Na2 34. Rd2 Nb4 35. Rd4 Nc2 36. Rc4 Rc1 0-1

[Event "*** Titled Tuesday Blitz"]
[Site "Chess.com"]
[Date "2021.04.06"]
[Round "10"]
[White "aljado"]
[Black "Michaelson_11"]
[Result "0-1"]
[WhiteElo "2109"]
[BlackElo "2204"]
[TimeControl "180+1"]
[EndTime "11:56:29 PDT"]
[Termination "Michaelson_11 won by checkmate"]

1. e4 c5 2. Nf3 Nc6 3. d4 cxd4 4. Nxd4 g6 5. Nc3 Nf6 6. Be3 Bg7 7. Be2 O-O 8. O-O d5 9. exd5 Nxd5 10. Nxd5 Qxd5 11.
Bf3 Qc4 12. Be2 Qd5 13. Bf3 Qc4 14. Be2 Qb4 15. Nxc6 bxc6 16. Rb1 Be6 17. c3 Qh4 18. Bf3 Rfd8 19. Qc1 Bxa2 20. Ra1 Bd5 21. Bg5 Qc4 22.
Bxe7 Re8 23. Bxd5 cxd5 24. Bg5 a5 25. Be3 a4 26. Qd2 a3 27. Bd4 Bxd4 28. cxd4 Re2 29. Qc1 Qxc1 30. Rfxc1 Rxb2 31. Kf1 a2 32. g3 Ra4 33. Kg2 Rxd4 34. Rc8+ Kg7 35. Ra8 Rdd2 36.
Ra5 Rxf2+ 37. Kh3 Rxh2+ 38. Kg4 d4 39. Ra7 Rhf2 40. Rd7 h5+ 41. Kg5 Rf5+ 42. Kh4 Rh2# 0-1